 Dungeon Crawl Stone Soup version 0.31-a0-692-gf03d1854d5 (webtiles) character file.

Game seed: 5037669039344176519

8842 Bnni the Spear-Bearer (level 11, -12/91 HPs)
             Began as a Formicid Fighter on Sept 7, 2023.
             Was a Follower of Yredelemnul.
             Mangled by a white ugly thing (29 damage)
             ... on level 9 of the Dungeon.
             The game lasted 00:19:32 (8429 turns).

Bnni the Spear-Bearer (Formicid Fighter)            Turns: 8429, Time: 00:19:32

Health: -12/91     AC: 17    Str: 24    XL:     11   Next: 63%
Magic:  8/17       EV:  7    Int:  9    God:    Yredelemnul [*.....]
Gold:   712        SH:  6    Dex: 19    Spells: 10/10 levels left

rFire   + + .        K - +5 spear (freeze)
rCold   . . .        c - +0 buckler
rNeg    . . .        a - +0 plate armour {rF+}
rPois   .            (helmet unavailable)
rElec   .            p - +0 cloak
rCorr   .            N - +2 pair of gloves {hurl}
SInv    +            A - +0 pair of boots
Will    +....        J - amulet of faith Stlth
                     D - ring of protection from fire
HPRegen 0.35/turn    v - +6 ring of dexterity
MPRegen 0.15/turn

%: faith
@: no status effects
A: permanent stasis, dig shafts and tunnels, antennae 3, four strong arms
a: Dig, Shaft Self, Renounce Religion, Recall Undead Harvest


You were on level 9 of the Dungeon.
You worshipped Yredelemnul.
Yredelemnul was aware of your devotion.
You visited 2 branches of the dungeon, and saw 10 of its levels.
You also visited: Sewer and Bailey.

You collected 1310 gold pieces.
You spent 598 gold pieces at shops.

Inventory:

Hand Weapons
 r - a +0 halberd
 K - a +5 spear of freezing (weapon)
Missiles
 m - 39 poisoned darts
 n - 16 curare-tipped darts
 u - 29 boomerangs
 y - 2 darts of dispersal
Armour
 a - a +0 plate armour of fire resistance (worn)
 c - a +0 buckler (worn)
 p - a +0 cloak (worn)
 A - a +0 pair of boots (worn)
 N - a +2 pair of gloves of hurling (worn)
Jewellery
 t - an amulet of regeneration
 v - a +6 ring of dexterity (right hand)
 D - a ring of protection from fire (left hand)
 J - an amulet of faith (around neck)
Wands
 w - a wand of quicksilver (22)
 E - a wand of mindburst (27)
 F - a wand of charming (11)
Scrolls
 d - 2 scrolls of blinking {unknown}
 f - 2 scrolls of fear
 h - 3 scrolls of enchant armour {unknown}
 i - a scroll of enchant weapon {unknown}
 j - 2 scrolls of torment {unknown}
 k - 3 scrolls of fog
 l - 5 scrolls of teleportation {unknown}
 s - 4 scrolls of immolation
 B - a scroll of poison
 M - a scroll of vulnerability {unknown}
Potions
 b - 2 potions of lignification
 e - 2 potions of heal wounds
 g - 4 potions of resistance
 o - 6 potions of might
 q - 2 potions of haste {unknown}
 x - 2 potions of curing
 z - 2 potions of enlightenment
 C - a potion of attraction {unknown}
 G - a potion of berserk rage {unknown}
 I - a potion of magic {unknown}
 L - a potion of ambrosia {unknown}


   Skills:
 + Level 10.2 Fighting
 + Level 12.3 Polearms
 + Level 4.3 Armour
 + Level 2.0 Dodging
 - Level 5.0 Shields
 + Level 9.2 Invocations


You had 10 spell levels left.
You didn't know any spells.
Your spell library contained the following spells:

 Spells                   Type           Power      Damage    Failure   Level
 Kiss of Death            Conj/Necr      0%         2d5       100%        1
 Magic Dart               Conj           0%         1d3       100%        1
 Call Imp                 Summ           0%         N/A       100%        2
 Sublimation of Blood     Necr           0%         N/A       100%        2
 Call Canine Familiar     Summ           0%         N/A       100%        3
 Confusing Touch          Hex            0%         N/A       100%        3
 Dazzling Flash           Conj/Hex       0%         N/A       100%        3
 Mephitic Cloud           Conj/Pois/Air  0%         N/A       100%        3
 Portal Projectile        Hex/Tloc       0%         N/A       100%        3
 Tukima's Dance           Hex            0%         N/A       100%        3
 Vampiric Draining        Necr           0%         2d6       100%        3
 Dispel Undead            Necr           0%         3d6       100%        4
 Fulminant Prism          Conj/Hex       0%         3d5       100%        4
 Iskenderun's Mystic Bla  Conj/Tloc      0%         2d3       100%        4
 Leda's Liquefaction      Hex/Erth       0%         N/A       100%        4
 Petrify                  Tmut/Erth      0%         N/A       100%        4
 Irradiate                Conj/Tmut      0%         3d11      100%        5


Dungeon Overview and Level Annotations

Branches:
Dungeon (9/15)             Temple (1/1) D:4           Sewer (visited)
 Bailey (visited)
   Lair: D:8-11         Orc: D:9-12

Altars:
Ashenzari
Cheibriados
Dithmenos
Elyvilon
Fedhas
Hepliaklqana
Kikubaaqudgha
Makhleb
Nemelex Xobeh
Okawaru
Qazlal
Ru
Sif Muna
Trog
Uskayaw
Vehumet
Wu Jian
Xom
Yredelemnul
Zin
The Shining One

Shops:
D:2 :   D:9 [


Innate Abilities, Weirdness & Mutations

You cannot be hasted, slowed, berserked, paralysed or teleported.
You can dig through walls and to a lower floor.
You have a pair of large antennae on your head. (SInv)
Your four strong arms can wield two-handed weapons with a shield.


Message History

You begin recalling your allies.
Your yak zombie is recalled.
Your orc priest zombie is recalled.
Unknown command.
Unknown command.
You hit the white ugly thing.
You kill the white ugly thing!
The dead are walking!
You can now trade souls for undead servants.
You finish recalling your allies.
The vampire mosquito bites your ugly thing zombie.
Your Dodging skill increases to level 2!
Yredelemnul sends a servant to aid you.
Yredelemnul accepts your bounty of souls!
You can no longer trade souls for undead servants.
The vampire mosquito bites your shadow wraith but does no damage.
The vampire mosquito bites your shadow wraith!
A centaur warrior comes into view.
It is wearing the ring of Puufiy {rF+ Int+5}.
The white ugly thing tail-slaps you.
* * * LOW HITPOINT WARNING * * *
The white ugly thing freezes you!
* * * LOW HITPOINT WARNING * * *
You feel much better.
The vampire mosquito bites your shadow wraith but does no damage.
The vampire mosquito closely misses your shadow wraith.
Your ugly thing zombie hits the white ugly thing but does no damage.
You block the white ugly thing's attack.
Your shadow wraith hits the vampire mosquito!
Unknown command.
You closely miss the white ugly thing.
The vampire mosquito bites your shadow wraith!
Your ugly thing zombie closely misses the white ugly thing.
Unknown command.
You puncture the white ugly thing! You freeze the white ugly thing.
The white ugly thing is lightly wounded.
The vampire mosquito bites your shadow wraith!
The white ugly thing tail-slaps you!
* * * LOW HITPOINT WARNING * * *
The white ugly thing freezes you!!
You die...
Your body rises from the dead as a mindless zombie.

#.#................###....#.####
.#...............###..#####.#
#.#...........####Z...... #.#
........Z...###...#########.#
......ZZ..###Z.###...Z...(#.#
....ZZ.Z### #.#.####..#####.#
....Z.### #.#.#Z.####..Z.#.#
....### ##.##.##.####Z.#{##
....# ..# #@#.#.. ###.ZZ# ....#
.## #u###....###.Z## ..Z.# #.
#WZ........{Z..### .Z..# #
#y###....###.Z.... ....#
#c#.#..###..Z..... ....# { {
..##.###....Z..... ....#
#..###............ ....#{
,.###....)......... ...Z#
####......).........


You could see a white ugly thing (ally target), a centaur warrior, a vampire
mosquito (ally target), a friendly shadow wraith (summoned, invisible), a
friendly ugly thing zombie and a friendly orc priest zombie.

Vanquished Creatures
  A centaur warrior (D:9)
  A two-headed ogre (D:8)
  The ghost of niknal the Ruffian, a novice TrWr (D:6)
  An ugly thing (D:9)
  An unseen horror skeleton (D:6)
  Grinder (D:4)
  7 yaks (D:9)
  A wyvern (D:8)
  An unseen horror simulacrum (D:6)
  A wraith (D:9)
  An acid dragon (D:9)
  A water moccasin (D:8)
  Duvessa (D:7)
  2 black bears (D:5)
  3 orc warriors
  A sky beast (D:7)
  2 ogres
  2 centaurs
  2 phantoms
  5 bullfrogs
  7 kobold brigands
  2 scorpions
  6 wights
  2 howler monkeys
  A jelly (D:7)
  2 hounds (D:6)
  3 orc priests
  A sleepcap (D:5)
  2 gnoll boudas (D:5)
  An iguana (D:4)
  9 orc wizards
  8 gnolls (D:5)
  11 adders
  A river rat (Sewer)
  A shadow imp (D:4)
  5 worms
  3 dart slugs
  28 orcs
  6 ball pythons
  3 bats (D:1)
  5 endoplasms
  2 giant cockroaches
  10 goblins
  6 hobgoblins
  2 quokkas
  7 frilled lizards
  23 kobolds
  15 rats
208 creatures vanquished.

Vanquished Creatures (collateral kills)
  A two-headed ogre (D:8)
  A wyvern (D:9)
  A yak (D:9)
  2 orc warriors (Bailey)
  A sky beast (D:7)
  An ice beast (D:6)
  A kobold brigand (Bailey)
  Dowan (D:7)
  A howler monkey (D:7)
  An orc priest (D:9)
  2 orc wizards (D:6)
  2 gnolls (D:5)
  A howler monkey skeleton (D:6)
  2 orcs (D:8)
  A rat (Sewer)
19 creatures vanquished.

Vanquished Creatures (others)
  A wyvern zombie (D:8)
  A water moccasin zombie (D:8)
  4 yak zombies (D:9)
  2 bullfrog zombies
  A centaur zombie (D:9)
  A howler monkey zombie (D:9)
  An elf zombie (D:7)
  2 adder zombies (D:6)
  A worm zombie (D:5)
  A gnoll zombie (D:5)
  2 goblin zombies
  8 kobold zombies
  18 orc zombies
  3 rat zombies (Sewer)
  A river rat zombie (Sewer)
47 creatures vanquished.

Grand Total: 274 creatures vanquished

Notes
Turn   | Place    | Note
-------+----------+-------------------------------------------
     0 | D:1      | Bnni the Formicid Fighter began the quest for the Orb.
     0 | D:1      | Reached XP level 1. HP: 18/18 MP: 1/1
   113 | D:1      | Reached XP level 2. HP: 24/24 MP: 2/2
   226 | D:1      | Reached XP level 3. HP: 29/29 MP: 3/3
   651 | D:2      | Reached skill level 5 in Shields
   736 | D:2      | Reached XP level 4. HP: 23/37 MP: 4/4
   843 | D:2      | Reached skill level 3 in Polearms
   893 | D:2      | Found Enuw's Book Boutique.
  1202 | D:2      | Noticed an ogre
  1210 | D:2      | Killed an ogre
  1211 | D:2      | Reached skill level 4 in Polearms
  1211 | D:2      | Reached XP level 5. HP: 11/42 MP: 5/5
  2108 | D:3      | Found a sacrificial altar of Ru.
  2341 | D:3      | Reached XP level 6. HP: 43/49 MP: 6/6
  2936 | D:4      | Noticed an ogre
  2959 | D:4      | Reached skill level 5 in Fighting
  2959 | D:4      | Reached skill level 5 in Polearms
  2978 | D:3      | HP: 1/47 [bullfrog (5)]
  2982 | D:3      | Reached XP level 7. HP: 18/56 MP: 7/7
  3257 | D:3      | Reached skill level 6 in Polearms
  3603 | D:4      | Found a staircase to the Ecumenical Temple.
  3618 | Temple   | Entered the Ecumenical Temple
  3639 | Temple   | Became a worshipper of Yredelemnul the Dark
  3971 | D:4      | Reached * piety under Yredelemnul
  3972 | D:4      | Noticed Grinder
  4000 | D:4      | Killed Grinder
  4001 | D:4      | Reached skill level 7 in Polearms
  4001 | D:4      | Reached XP level 8. HP: 59/64 MP: 7/9
  4301 | D:5      | Entered Level 5 of the Dungeon
  4619 | D:5      | Found a glowing drain.
  4630 | D:5      | Reached ** piety under Yredelemnul
  4648 | Sewer    | Entered a sewer
  4778 | Sewer    | Found a white marble altar of Elyvilon.
  5121 | D:5      | Reached skill level 8 in Polearms
  5129 | D:5      | Reached XP level 9. HP: 71/71 MP: 11/11
  5337 | D:6      | Found a runed translucent gate.
  5337 | D:6      | Found a runed translucent gate.
  5337 | D:6      | Found a runed translucent gate.
  5337 | D:6      | Noticed niknal's ghost (novice TrWr)
  5530 | D:6      | Found an iron altar of Okawaru.
  5582 | D:6      | Found a radiant altar of Vehumet.
  5588 | D:6      | Got the Parchment of Horrible Hexes
  5683 | D:6      | Reached *** piety under Yredelemnul
  5922 | D:6      | Killed niknal's ghost
  5923 | D:6      | Reached skill level 9 in Polearms
  5923 | D:6      | Reached skill level 5 in Invocations
  5990 | D:7      | Reached XP level 10. HP: 77/77 MP: 14/14
  6000 | D:7      | Noticed Duvessa
  6007 | D:7      | Noticed Dowan
  6022 | D:7      | Killed Duvessa
  6023 | D:7      | Reached skill level 10 in Polearms
  6031 | D:7      | Killed Dowan
  6425 | D:7      | Your ally Duvessa died
  6789 | D:8      | Noticed a two-headed ogre
  6800 | D:8      | Killed a two-headed ogre
  6801 | D:8      | Reached skill level 11 in Polearms
  6802 | D:8      | Noticed a two-headed ogre
  6814 | D:8      | Killed a two-headed ogre
  7039 | D:8      | Identified the +4 quarterstaff of Irrepressible Laughter
                  | {drain, +Blink Will+ Dex+2}
  7106 | D:9      | Found a flagged portal.
  7122 | Bailey   | Entered a bailey
  7279 | Bailey   | Found an iron altar of Okawaru.
  7283 | Bailey   | Reached XP level 11. HP: 70/89 MP: 15/17
  7734 | D:9      | Reached skill level 12 in Polearms
  7830 | D:9      | Found Qelatsel's Antique Armour Emporium.
  7833 | D:9      | Bought a glowing plate armour for 598 gold pieces
  7887 | D:9      | Reached skill level 10 in Fighting
  7892 | D:9      | Reached **** piety under Yredelemnul
  7898 | D:9      | Reached skill level 1 in Dodging
  8144 | D:9      | Reached ***** piety under Yredelemnul
  8397 | D:9      | Noticed a cyan ugly thing
  8397 | D:9      | Noticed a brown ugly thing
  8398 | D:9      | Noticed a centaur warrior
  8412 | D:9      | Killed a centaur warrior
  8425 | D:9      | Killed a white ugly thing
  8426 | D:9      | Identified the ring of Puufiy {rF+ Int+5}
  8426 | D:9      | Noticed a centaur warrior
  8429 | D:9      | Mangled by a white ugly thing

Illustrated notes

Levels and vault maps discovered:
D:1:      dpeg_arrival_round_a, layout_rooms, lexackson_kobold_supper
D:2:      layout_basic, serial_shops, nicolae_shop_tiny_statue_garden
D:3:      layout_basic, hangedman_ru_absence, minivault_11, chequers_jeans,
          saegor_snake_ambush
D:4:      layout_basic, minmay_temple_entry_slanted, grunt_decor_mini_mirrors,
          minmay_checkerbox, uniq_grinder
D:5:      layout_loops_ring, cheibrodos_sewer_entry_bend
D:6:      layout_cave_pools, vehumet_crystals, amcnicky_altar_gilded,
          gammafunk_ghost_necromancy, nicolae_half_adder
D:7:      layout_cave_pools, uniq_duvessa
D:8:      layout_basic, abandoned_shop, grunt_decor_arrowhead
D:9:      minmay_the_grid_triangle_9x9_rhombus_thin
          [minmay_the_grid_triangle_9x9_corruption,
          minmay_the_grid_triangle_9x9_prize_special,
          minmay_the_grid_triangle_9x9_wacky_v,
          minmay_the_grid_triangle_9x9_warning], layout_irregular_city,
          enter_bailey_5, minmay_shop_grid_forest
Temple:   regret_index_temple_mists

Skill      XL: |  1  2  3  4  5  6  7  8  9 10 11 |
---------------+----------------------------------+-----
Shields        | 5 |  5.0
Polearms       | 4 5 7 8 9 11 12 | 12.3
Fighting       | 4 5 6 8 9 10 | 10.2
Invocations    | 2 3 6 8 9 |  9.2
Dodging        | 2 |  2.0
Armour         | 4 |  4.3

Action                     |  1- 3 |  4- 6 |  7- 9 | 10-12 || total
---------------------------+-------+-------+-------+-------++-------
  Melee: Trident           |   108 |   121 |   219 |       ||   448
         Halberd           |       |       |   111 |    75 ||   186
         Spear             |       |       |       |   249 ||   249
  Throw: Dart              |       |     1 |     1 |     5 ||     7
 Invoke: Dark Bargain      |       |       |     2 |     2 ||     4
         Recall Undead Har |       |       |       |     8 ||     8
Ability: Dig               |       |     1 |     1 |     1 ||     3
    Use: Potion            |       |     3 |       |     2 ||     5
         Scroll            |       |       |     5 |     1 ||     6
   Stab: Distracted        |       |       |     3 |     2 ||     5
 Armour: Scale mail        |    51 |    24 |       |       ||    75
         Chain mail        |       |    48 |    71 |       ||   119
         Plate armour      |       |       |   156 |    52 ||   208
         Ring mail         |       |       |       |    76 ||    76
  Dodge: Dodged            |    33 |    36 |    77 |    74 ||   220
  Block: Buckler           |    21 |    18 |    55 |    50 ||   144

Table legend: (Time is in decaauts)
 A = Elapsed time spent in this place.
 B = Non-inter-level travel time spent in this place.
 C = Inter-level travel time spent in this place.
 D = Time resting spent in this place.
 E = Time spent auto-exploring this place.
 F = Levels seen in this place.
 G = Mean time per level.
                   A        B        C        D        E       F      G
               +--------+--------+--------+--------+--------+-----+--------+
         Total |   8427 |   8142 |    285 |    886 |   5312 |  12 |  702.2 |
       Dungeon |   7710 |   7477 |    233 |    612 |   5105 |   9 |  856.7 |
        Temple |     57 |      5 |     52 |      0 |      0 |   1 |   57.0 |
         Sewer |    197 |    197 |      0 |     25 |    114 |   1 |  197.0 |
        Bailey |    461 |    461 |      0 |    249 |     92 |   1 |  461.0 |
               +--------+--------+--------+--------+--------+-----+--------+

Top non-repeatable levels by time:
     D:2: 1417 daAuts
     D:3: 1241 daAuts
     D:4: 992 daAuts
     D:5: 848 daAuts
     D:9: 807 daAuts
     D:6: 673 daAuts
     D:1: 658 daAuts
     D:7: 553 daAuts
     D:8: 517 daAuts
  Bailey: 461 daAuts
   Sewer: 197 daAuts
  Temple: 57 daAuts
